 Dungeon Crawl Stone Soup version 0.30.1-11-g7821555f0a (webtiles) character file.

Game seed: 13133903190328074961

6350 Dvallin the Covert (level 11, 0/71 HPs)
             Began as a Kobold Monk on Sept 29, 2023.
             Was a High Priest of Trog.
             Slain by a vampire (10 damage)
             ... on level 9 of the Dungeon on Nov 9, 2023.
             The game lasted 00:32:10 (8860 turns).

Dvallin the Covert (Kobold Monk)                    Turns: 8860, Time: 00:32:11

Health: 0/71       AC:  6    Str: 12    XL:     11   Next: 17%
Magic:  20/20      EV: 21    Int: 12    God:    Trog [*****.]
Gold:   481        SH:  5    Dex: 18    Spells: 10/10 levels left

rFire   . . .        P - +2 rapier
rCold   . . .        S - +0 buckler
rNeg    . . .        Q - +2 robe {Will+}
rPois   .            (no helmet)
rElec   .            (no cloak)
rCorr   .            t - +1 pair of gloves
SInv    .            (no boots)
Will    +....        y - amulet of regeneration
Stlth   ++++++       f - ring of flight
HPRegen 1.11/turn    r - ring of magical power
MPRegen 0.17/turn

%: no passive effects
@: flying, studying Maces & Flails
A: small, no large weapons, nightstalker 3
a: Renounce Religion, Berserk, Trog's Hand, Brothers in Arms


You were on level 9 of the Dungeon.
You worshipped Trog.
Trog was extremely pleased with you.
You visited 1 branch of the dungeon, and saw 9 of its levels.
You also visited: Sewer and Bailey.

You collected 481 gold pieces.

Inventory:

Hand Weapons
 a - a +0 short sword
 j - a +3 short sword of freezing
 v - a +1 dagger of venom
 C - a +0 sling
 K - a +3 quick blade of venom
 N - the +8 lajatang of Doom {drain, Dex+4}
   (You found it in a bailey)

   Dex:       It affects your dexterity (+4).
 P - a +2 rapier (weapon)
Missiles
 l - 24 poisoned darts (quivered)
Armour
 b - a +0 robe
 d - an orb of light
 n - a +0 leather armour
 t - a +1 pair of gloves (worn)
 J - a +0 ring mail
 Q - a +2 robe of willpower (worn)
 S - a +0 buckler (worn)
Jewellery
 f - a ring of flight (left hand)
 r - a ring of magical power (right hand)
 u - an amulet of reflection
 x - an amulet of guardian spirit
 y - an amulet of regeneration (around neck)
 B - a +5 ring of evasion
 I - an amulet of the acrobat
Wands
 G - a wand of charming (10)
Scrolls
 e - 2 scrolls of enchant armour
 g - a scroll of teleportation
 m - 2 scrolls of enchant weapon
 o - 2 scrolls of blinking
 w - 3 scrolls of noise
 F - 2 scrolls of butterflies
 O - 2 scrolls of fog {unknown}
 R - a scroll of identify
 T - a scroll of amnesia {unknown}
 U - a scroll of acquirement
Potions
 c - 2 potions of ambrosia
 h - 2 potions of invisibility
 i - 5 potions of lignification
 k - 5 potions of curing
 p - 2 potions of might
 q - 2 potions of haste
 s - 2 potions of heal wounds
 z - a potion of flight
 A - 4 potions of attraction
 D - 2 potions of degeneration
 E - 3 potions of mutation
 H - 2 potions of brilliance
 L - 2 potions of cancellation
 M - a potion of resistance


   Skills:
 + Level 9.4 Fighting
 * Level 10.0 Short Blades
 - Level 2.6 Staves
 + Level 10.4 Dodging
 + Level 11.5 Stealth
 + Level 2.1 Shields


You had 10 spell levels left.
You didn't know any spells.
Your spell library contained the following spells:

 Spells                   Type           Power      Damage    Failure   Level
 Lesser Beckoning         Tloc           0%         N/A       56%         2
 Gell's Gravitas          Tloc           0%         N/A       80%         3
 Teleport Other           Tloc           0%         N/A       80%         3


Dungeon Overview and Level Annotations

Branches:
Dungeon (9/15)             Temple (0/1) D:5            Lair (0/5) D:8
  Sewer (visited)          Bailey (visited)
    Orc: D:9-12

Altars:
Ashenzari
Cheibriados
Dithmenos
Elyvilon
Fedhas
Kikubaaqudgha
Okawaru
Ru
Sif Muna
Trog
Uskayaw
Vehumet
Wu Jian
Xom
The Shining One

Shops:
D:8 [

Annotations:
D:8 2 transporters, Jingleheimer's ghost, novice OpTm


Innate Abilities, Weirdness & Mutations

You are small and have problems with some larger weapons.
You are completely attuned to the shadows.


Message History

You block the orc priest's attack.
Setting a skill training target for Short Blades at 14.0.
You hit the vampire.
The vampire is lightly damaged.
The orc priest calls down the wrath of Beogh upon you.
Beogh smites you!
The vampire casts a spell.
The vampire flickers and vanishes!
Deactivating autopickup; reactivate with Ctrl-A.
The centaur wields a +0 shortbow.
The centaur shoots an arrow.
The orc priest calls down the wrath of Beogh upon you.
Beogh smites you!
The orc priest calls down the wrath of Beogh upon you.
Beogh smites you! Something hits you. Something closely misses you.
Something hits you but does no damage. Something closely misses you.
Something misses you. Something closely misses you.
Something hits you but does no damage. Something closely misses you.
Something hits you but does no damage. Something bites you.
Something draws strength from your injuries!
The centaur shoots an arrow.
The arrow hits you. Something closely misses you. Something bites you!
Something draws strength from your injuries!
The centaur shoots an arrow.
The arrow hits you!
The centaur shoots an arrow.
The arrow completely misses you. Something hits you!
* * * LOW HITPOINT WARNING * * *
Something barely misses you.
The centaur shoots an arrow.
The arrow completely misses you.
The centaur shoots an arrow.
You block the arrow. Something misses you. Something bites you!
* * * LOW HITPOINT WARNING * * *
Something draws strength from your injuries!
The centaur shoots an arrow.
The arrow misses you. Something closely misses you. Something bites you!
* * * LOW HITPOINT WARNING * * *
Something draws strength from your injuries!
The centaur shoots an arrow.
The arrow misses you. Something hits you!
You die...

≈≈.≈≈.##### ......#
#.....# #.# ##'####
#.....####.### #..#.#.#
#..<..#......# ##.#.#.#
#.....#.##.#.# #.#.#.#
####.##.......# #.#.#.#
#........##...# #...).##
#.##.##..###..# ###....#
#.##.@........# ######
####.###.####.....#.##
#..... #..............#.#
#.####
#####............####.####
......c......##.......
###.###..#######.#.#### .#
##..##...........
##...........###
##c.###.###..##


You could see a centaur.

Vanquished Creatures
  An orc knight (Bailey)
  2 kobold demonologists (Bailey)
  Sigmund (D:6)
  A wyvern (D:8)
  5 yaks (D:9)
  Grum (D:8)
  An acid dragon (D:8)
  A water moccasin (D:7)
  4 ice beasts
  A sky beast (D:5)
  10 orc warriors
  An ogre (D:6)
  2 centaurs
  4 wolves (D:8)
  A phantom (D:5)
  3 kobold brigands
  4 bullfrogs
  5 scorpions
  3 howler monkeys
  4 electric eels (Bailey)
  2 hounds (D:6)
  4 orc priests
  4 iguanas
  2 sleepcaps
  14 orc wizards
  9 gnolls
  10 adders
  A shadow imp (D:8)
  A white imp (D:8)
  An ufetubus (D:6)
  A worm (D:6)
  A dart slug (D:2)
  29 orcs
  8 ball pythons
  4 endoplasms
  5 giant cockroaches
  18 goblins
  14 hobgoblins
  2 jackals (D:3)
  4 quokkas
  A bat (Sewer)
  6 frilled lizards
  35 kobolds
  10 rats
241 creatures vanquished.

Notes
Turn   | Place    | Note
-------+----------+-------------------------------------------
     0 | D:1      | Dvallin the Kobold Monk began the quest for the Orb.
     0 | D:1      | Reached XP level 1. HP: 14/14 MP: 1/1
    88 | D:1      | Upgraded the game from 0.30.1-9-gdf580d7c3d to
                  | 0.30.1-11-g7821555f0a
   294 | D:1      | Reached XP level 2. HP: 19/19 MP: 2/2
   471 | D:1      | Found a faded altar of an unknown god.
   474 | D:1      | Prayed at the altar of an unknown god.
   474 | D:1      | Became a worshipper of Trog the Wrathful
   474 | D:1      | Reached * piety under Trog
   474 | D:1      | Reached ** piety under Trog
   960 | D:2      | Reached skill level 1 in Stealth
   960 | D:2      | Reached XP level 3. HP: 19/23 MP: 3/3
  1088 | D:2      | Reached *** piety under Trog
  1089 | D:2      | Reached skill level 5 in Short Blades
  1216 | D:2      | Reached XP level 4. HP: 29/29 MP: 4/4
  1369 | D:2      | Reached skill level 2 in Stealth
  2009 | D:3      | Found an iron altar of Okawaru.
  2016 | D:3      | Reached XP level 5. HP: 33/33 MP: 5/5
  2703 | D:4      | Found a blossoming altar of Fedhas.
  2729 | D:4      | Reached skill level 3 in Stealth
  2934 | D:4      | Found a hide-covered altar of Uskayaw.
  2986 | D:4      | Reached XP level 6. HP: 38/38 MP: 6/6
  3071 | D:4      | Reached **** piety under Trog
  3555 | D:5      | Entered Level 5 of the Dungeon
  3576 | D:5      | Found a staircase to the Ecumenical Temple.
  3766 | D:5      | Reached skill level 5 in Dodging
  3780 | D:5      | Noticed a sky beast
  3793 | D:5      | Killed a sky beast
  3794 | D:5      | Reached skill level 4 in Stealth
  3794 | D:5      | Reached XP level 7. HP: 42/44 MP: 7/7
  3960 | D:5      | Reached skill level 5 in Fighting
  4238 | D:5      | Reached XP level 8. HP: 49/49 MP: 8/8
  4254 | D:5      | Reached skill level 5 in Stealth
  4606 | D:6      | Reached skill level 6 in Stealth
  4776 | D:6      | Found a glowing golden altar of the Shining One.
  4785 | D:6      | Found an ornate altar of the Wu Jian Council.
  4786 | D:6      | Found a shimmering altar of Xom.
  4787 | D:6      | Found a snail-covered altar of Cheibriados.
  4942 | D:6      | Found a glowing drain.
  4948 | Sewer    | Entered a sewer
  5317 | D:6      | Reached ***** piety under Trog
  5318 | D:6      | Reached XP level 9. HP: 55/55 MP: 9/9
  5348 | D:6      | Noticed Sigmund
  5352 | D:6      | Killed Sigmund
  5469 | D:6      | Reached skill level 10 in Short Blades
  5469 | D:6      | Reached skill level 7 in Stealth
  5906 | D:7      | Found a flagged portal.
  5914 | Bailey   | Entered a bailey
  6077 | Bailey   | Reached skill level 8 in Stealth
  6139 | Bailey   | Noticed a kobold demonologist
  6141 | Bailey   | Noticed a rust devil
  6161 | Bailey   | Killed a kobold demonologist
  6488 | Bailey   | Acquired a +3 quick blade of venom
  6498 | Bailey   | Noticed an orc knight
  6583 | Bailey   | Reached skill level 9 in Stealth
  6583 | Bailey   | Reached XP level 10. HP: 27/64 MP: 10/10
  6745 | Bailey   | Killed an orc knight
  6792 | Bailey   | Found an iron altar of Okawaru.
  6794 | Bailey   | Noticed a kobold demonologist
  6801 | Bailey   | Killed a kobold demonologist
  6801 | Bailey   | Received a gift from Trog
  6802 | Bailey   | Reached skill level 10 in Stealth
  6820 | Bailey   | Identified the +8 lajatang of Doom {drain, Dex+4}
  7128 | D:7      | Reached skill level 1 in Staves
  7225 | D:7      | Found a radiant altar of Vehumet.
  7234 | D:7      | Found an ancient bone altar of Kikubaaqudgha.
  7280 | D:7      | Found a shimmering blue altar of Sif Muna.
  7432 | D:7      | Found a broken altar of Ashenzari.
  7828 | D:8      | Found Kataschu's Armour Shoppe.
  7848 | D:8      | Found a staircase to the Lair.
  7880 | D:8      | Found a transporter.
  7882 | D:8      | Found a transporter.
  7889 | D:8      | Noticed Jingleheimer's ghost (novice OpTm)
  7961 | D:8      | Found a shadowy altar of Dithmenos.
  8084 | D:8      | Noticed Grum
  8169 | D:8      | Killed Grum
  8178 | D:8      | Reached skill level 10 in Dodging
  8178 | D:8      | Reached skill level 11 in Stealth
  8178 | D:8      | Reached skill level 1 in Shields
  8334 | D:8      | Found a white marble altar of Elyvilon.
  8399 | D:8      | Reached XP level 11. HP: 71/71 MP: 11/11
  8527 | D:8      | Found a sacrificial altar of Ru.
  8860 | D:9      | Slain by a vampire

Illustrated notes

Levels and vault maps discovered:
D:1:      roderic_octagonal_star, layout_loops_ring,
          shapermc_ecumenical_altar_mp_vishouse
D:2:      layout_rooms, minmay_misc_feat_columns, minmay_tiny_reverse_x
D:3:      layout_loops_corners, okawaru_metal_pillars_1_2
D:4:      layout_loops_ring, lemuel_round_altar, mainiacjoe_overflow_paths
D:5:      layout_basic, minmay_temple_entry_crystal_x
D:6:      layout_basic, minitemple, portal_sewer_entry_b, uniq_sigmund
D:7:      layout_loops_ring, palyth_temple_overflow_mages,
          cheibrodos_ashenzari_chains, enter_bailey_5, minmay_statues_item
D:8:      layout_basic, nicolae_dithmenos_the_darkroom,
          nicolae_ru_path_of_blood, lemuel_tele_altar, dpeg_oklobed_lair,
          serial_shops, nicolae_shop_crystal, gammafunk_ghost_smash,
          corexii_leaking_fountain, uniq_grum
D:9:      minmay_the_grid_octo_triangle [minmay_the_grid_octo_clover,
          minmay_the_grid_octo_prize_star, minmay_the_grid_octo_clover_2],
          layout_loops_cross, grunt_temple_overflow_opulence,
          ebering_ghost_funeral_grove, kennysheep_generic_room_9

Skill      XL: |  1  2  3  4  5  6  7  8  9 10 11 |
---------------+----------------------------------+-----
Dodging        | 4 5 6 8 10 | 10.4
Stealth        | 1 2 3 4 6 9 11 | 11.5
Short Blades   | 5 6 7 9 10 | 10.0
Fighting       | 4 5 6 7 9 |  9.4
Staves         | 2 |  2.6
Shields        | 1 2 |  2.1

Action                     |  1- 3 |  4- 6 |  7- 9 | 10-12 || total
---------------------------+-------+-------+-------+-------++-------
  Melee: Short sword       |    72 |    52 |    12 |       ||   136
         Dagger            |       |    87 |   387 |       ||   474
         Punch             |       |     2 |     9 |     2 ||    13
         Quick blade       |       |       |    39 |   403 ||   442
         Rapier            |       |       |       |     1 ||     1
 Invoke: Berserk           |       |     1 |     1 |       ||     2
    Use: Scroll            |       |       |    18 |     4 ||    22
   Stab: Sleeping          |    11 |    18 |    22 |    27 ||    78
         Distracted        |       |       |     3 |     2 ||     5
 Armour: Robe              |     4 |       |       |    21 ||    25
         Leather armour    |       |    19 |    44 |     1 ||    64
  Dodge: Dodged            |    35 |    51 |   197 |   160 ||   443
  Block: Buckler           |       |       |       |    23 ||    23
